TOP OF THE 1ST |
Montgomery Biscuits batting - Pitching for Memphis Blues : RHP Rafael Ressureio
|
Pitching: RHP Rafael Ressureio
|
|
Batting: LHB Alberto Santos
|
0-0: Ball 1-0: Foul Ball, location: 2F 1-1: Hit by Pitch
|
Batting: RHB José Montoya
|
0-0: Swinging Strike 0-1: Ball 1-1: Called Strike 1-2: Foul Ball, location: 2F 1-2: Strikes out swinging
|
Batting: LHB Curt Causton
|
0-0: Ball 1-0: Ball 2-0: Ball 3-0: Called Strike 3-1: Grounds into double play, 6-4-3 (Groundball, 56)
|
Top of the 1st over - 0 run(s), 0 hit(s), 0 error(s), 0 left on base; Montgomery 0 - Memphis 0 |
BOTTOM OF THE 1ST |
Memphis Blues batting - Pitching for Montgomery Biscuits : RHP Félix Andrade
|
Pitching: RHP Félix Andrade
|
|
Batting: LHB Mark Folger
|
0-0: Ball 1-0: Ball 2-0: DOUBLE (Groundball, 3L)
|
Batting: RHB Chase Mueller
|
0-0: Ball 1-0: Swinging Strike 1-1: Ball 2-1: Foul Ball, location: 2F 2-2: Ball 3-2: SINGLE (Line Drive, 89M) Mark Folger to third Runner from 3rd tries for Home, throw and OUT! Chase Mueller to second
|
Batting: RHB Glenn Melican
|
0-0: Ball 1-0: Ball 2-0: Ball 3-0: Base on Balls
|
Batting: LHB John Foster
|
0-0: DOUBLE (Flyball, 7LM) Chase Mueller scores Glenn Melican to third
|
Batting: RHB Artie Green
|
0-0: Ball 1-0: Fly out, F8 (Flyball, 8LD) Runner from 3rd tags up, SCORES, no throw John Foster to third
|
Batting: RHB José Velázquez
|
0-0: Ground out 1-3 (Groundball, P)
|
Bottom of the 1st over - 2 run(s), 3 hit(s), 0 error(s), 1 left on base; Montgomery 0 - Memphis 2 |
TOP OF THE 2ND |
Montgomery Biscuits batting - Pitching for Memphis Blues : RHP Rafael Ressureio
|
Batting: RHB Carlos Vásquez
|
0-0: Fly out, F9 (Flyball, 9LS)
|
Batting: SHB Sean Moody
|
0-0: Foul Ball, location: 2F 0-1: Foul Ball, location: 2F 0-2: Strikes out looking
|
Batting: RHB Reinaldo Amarante
|
0-0: Ball 1-0: Called Strike 1-1: Swinging Strike 1-2: Ball 2-2: Ball 3-2: Strikes out swinging, 2-3 out at first.
|
Top of the 2nd over - 0 run(s), 0 hit(s), 0 error(s), 0 left on base; Montgomery 0 - Memphis 2 |
BOTTOM OF THE 2ND |
Memphis Blues batting - Pitching for Montgomery Biscuits : RHP Félix Andrade
|
Batting: LHB Raúl García
|
0-0: Foul Ball, location: 2F 0-1: Foul Ball, location: 2F 0-2: Strikes out looking
|
Batting: RHB Peyton Pennington
|
0-0: Called Strike 0-1: SOLO HOME RUN (Flyball, 78XD), Distance : 427 ft
|
Batting: RHB David Crespo
|
0-0: Ball 1-0: Called Strike 1-1: Ball 2-1: Ball 3-1: Base on Balls
|
Batting: LHB Mark Folger
|
0-0: Ball 1-0: Foul Ball, location: 2F 1-1: Foul Ball, location: 2F 1-2: Ball 2-2: Ball 3-2: Foul Ball, location: 2F 3-2: Foul Ball, location: 2F 3-2: Fly out, F7 (Flyball, 7S)
|
Batting: RHB Chase Mueller
|
0-0: Fly out, F6 (Line Drive, 6)
|
Bottom of the 2nd over - 1 run(s), 1 hit(s), 0 error(s), 1 left on base; Montgomery 0 - Memphis 3 |
TOP OF THE 3RD |
Montgomery Biscuits batting - Pitching for Memphis Blues : RHP Rafael Ressureio
|
Batting: RHB Bob McDonald
|
0-0: Called Strike 0-1: Swinging Strike 0-2: Ball 1-2: Ground out 4-3 (Groundball, 4D)
|
Batting: RHB Rusty Downy
|
0-0: Ball 1-0: Ground out 4-3 (Groundball, 4)
|
Batting: SHB Jack Estes
|
0-0: Foul Ball, location: 2F 0-1: Ball 1-1: Foul Ball, location: 2F 1-2: Reached on error, E7 (Flyball, 7)
|
Batting: LHB Alberto Santos
|
0-0: Ball 1-0: Ball 2-0: Called Strike 2-1: TRIPLE (Line Drive, 3D) Jack Estes scores
|
Batting: RHB José Montoya
|
0-0: Ball 1-0: Swinging Strike 1-1: Foul Ball, location: 2F 1-2: Fly out, F6 (Line Drive, 6M)
|
Top of the 3rd over - 1 run(s), 1 hit(s), 1 error(s), 1 left on base; Montgomery 1 - Memphis 3 |
BOTTOM OF THE 3RD |
Memphis Blues batting - Pitching for Montgomery Biscuits : RHP Félix Andrade
|
Batting: RHB Glenn Melican
|
0-0: Foul Ball, location: 2F 0-1: Ball 1-1: Ball 2-1: Foul Ball, location: 2F 2-2: Foul Ball, location: 2F 2-2: Ground out 6-3 (Groundball, 6)
|
Batting: LHB John Foster
|
0-0: Ground out 1-3 (Groundball, 13S)
|
Batting: RHB Artie Green
|
0-0: Foul Ball, location: 2F 0-1: Ball 1-1: Swinging Strike 1-2: Foul Ball, location: 2F 1-2: Strikes out swinging
|
Bottom of the 3rd over - 0 run(s), 0 hit(s), 0 error(s), 0 left on base; Montgomery 1 - Memphis 3 |
TOP OF THE 4TH |
Montgomery Biscuits batting - Pitching for Memphis Blues : RHP Rafael Ressureio
|
Batting: LHB Curt Causton
|
0-0: Called Strike 0-1: Ball 1-1: Ball 2-1: Ground out 1-3 (Groundball, 13)
|
Batting: RHB Carlos Vásquez
|
0-0: Ball 1-0: Ball 2-0: Ball 3-0: Base on Balls
|
Batting: SHB Sean Moody
|
0-0: Ball 1-0: Swinging Strike 1-1: SINGLE (Line Drive, 8RS) Carlos Vásquez to second
|
Batting: RHB Reinaldo Amarante
|
0-0: Foul Ball, location: 2F 0-1: Ball 1-1: Foul Ball, location: 2F 1-2: Fly out, F4 (Flyball, 4MD)
|
Batting: RHB Bob McDonald
|
0-0: Called Strike 0-1: Fly out, F8 (Flyball, 8RM)
|
Top of the 4th over - 0 run(s), 1 hit(s), 0 error(s), 2 left on base; Montgomery 1 - Memphis 3 |
BOTTOM OF THE 4TH |
Memphis Blues batting - Pitching for Montgomery Biscuits : RHP Félix Andrade
|
Batting: RHB José Velázquez
|
0-0: Ball 1-0: Fly out, F8 (Flyball, 8LXD)
|
Batting: LHB Raúl García
|
0-0: Foul Ball, location: 2F 0-1: Swinging Strike 0-2: Foul Ball, location: 2F 0-2: DOUBLE (Line Drive, 9LM)
|
Batting: RHB Peyton Pennington
|
0-0: Ball 1-0: Ball 2-0: Foul Ball, location: 2F Balk! Raúl García to third 2-1: Ground out 6-3 (Groundball, 6MS) Raúl García scores
|
Batting: RHB David Crespo
|
0-0: Ball 1-0: Ball 2-0: Foul Ball, location: 2F 2-1: Fly out, F8 (Flyball, 8RD)
|
Bottom of the 4th over - 1 run(s), 1 hit(s), 0 error(s), 0 left on base; Montgomery 1 - Memphis 4 |
TOP OF THE 5TH |
Montgomery Biscuits batting - Pitching for Memphis Blues : RHP Rafael Ressureio
|
Batting: RHB Rusty Downy
|
0-0: Called Strike 0-1: Fly out, F9 (Flyball, 9)
|
Batting: SHB Jack Estes
|
0-0: Ground out U3 (Groundball, 3L)
|
Batting: LHB Alberto Santos
|
0-0: Ball 1-0: Ball 2-0: SINGLE (Groundball, 4MD)
|
Batting: RHB José Montoya
|
0-0: Foul Ball, location: 2F 0-1: Foul Ball, location: 2F 0-2: Ball 1-2: Foul Ball, location: 2F 1-2: Strikes out swinging
|
Top of the 5th over - 0 run(s), 1 hit(s), 0 error(s), 1 left on base; Montgomery 1 - Memphis 4 |
BOTTOM OF THE 5TH |
Memphis Blues batting - Pitching for Montgomery Biscuits : RHP Félix Andrade
|
Batting: LHB Mark Folger
|
0-0: Fly out, F8 (Flyball, 78S)
|
Batting: RHB Chase Mueller
|
0-0: Ball 1-0: SINGLE (Line Drive, 7S)
|
Batting: RHB Glenn Melican
|
0-0: Ball 1-0: Called Strike 1-1: Ball 2-1: Foul Ball, location: 2F 2-2: Foul Ball, location: 2F 2-2: Fielders Choice at 2nd, 5-4 (Groundball, 56)
|
Batting: LHB John Foster
|
0-0: Called Strike 0-1: Ball 1-1: Ball 2-1: Foul Ball, location: 2F 2-2: Ball 3-2: Foul Ball, location: 2F 3-2: Fly out, F3 (Popup, 3L)
|
Bottom of the 5th over - 0 run(s), 1 hit(s), 0 error(s), 1 left on base; Montgomery 1 - Memphis 4 |
TOP OF THE 6TH |
Montgomery Biscuits batting - Pitching for Memphis Blues : RHP Rafael Ressureio
|
Batting: LHB Curt Causton
|
0-0: Fly out, F8 (Flyball, 8RM)
|
Batting: RHB Carlos Vásquez
|
0-0: Ball 1-0: Called Strike 1-1: Fly out, F7 (Flyball, 7LS)
|
Batting: SHB Sean Moody
|
0-0: Swinging Strike 0-1: Called Strike 0-2: Ball 1-2: Strikes out looking
|
Top of the 6th over - 0 run(s), 0 hit(s), 0 error(s), 0 left on base; Montgomery 1 - Memphis 4 |
BOTTOM OF THE 6TH |
Memphis Blues batting - Pitching for Montgomery Biscuits : RHP Félix Andrade
|
Batting: RHB Artie Green
|
0-0: Ball 1-0: Foul Ball, location: 2F 1-1: Called Strike 1-2: Ball 2-2: Ball 3-2: Strikes out looking
|
Batting: RHB José Velázquez
|
0-0: Called Strike 0-1: Fly out, F9 (Flyball, 89D)
|
Batting: LHB Raúl García
|
0-0: Ball 1-0: Ball 2-0: Ball 3-0: Base on Balls
|
Batting: RHB Peyton Pennington
|
0-0: Called Strike 0-1: Swinging Strike 0-2: Ball 1-2: DOUBLE (Flyball, 9LD) Raúl García to third
|
Batting: RHB David Crespo
|
0-0: Ball 1-0: Ball 2-0: Ball 3-0: Swinging Strike 3-1: Base on Balls
|
Pitching: RHP Steven Browne
|
|
Batting: LHB Mark Folger
|
0-0: Called Strike 0-1: Ball 1-1: SINGLE (Groundball, 6D) Raúl García scores Peyton Pennington to third David Crespo to second Runner from 3rd tries for Home, SAFE, throw made at trailing runner, OUT at third!
|
Bottom of the 6th over - 2 run(s), 2 hit(s), 0 error(s), 1 left on base; Montgomery 1 - Memphis 6 |
TOP OF THE 7TH |
Montgomery Biscuits batting - Pitching for Memphis Blues : RHP Rafael Ressureio
|
Batting: RHB Reinaldo Amarante
|
0-0: Fly out, F7 (Line Drive, 78M)
|
Batting: RHB Bob McDonald
|
0-0: Ball 1-0: Foul Ball, location: 2F 1-1: Called Strike 1-2: Ball 2-2: Ball 3-2: Base on Balls
|
Batting: RHB Rusty Downy
|
0-0: Called Strike 0-1: Ball 1-1: SINGLE (Groundball, 56D) Bob McDonald to second
|
Batting: SHB Jack Estes
|
0-0: Ball 1-0: Grounds into double play, 4-6-3 (Groundball, 34)
|
Top of the 7th over - 0 run(s), 1 hit(s), 0 error(s), 1 left on base; Montgomery 1 - Memphis 6 |
BOTTOM OF THE 7TH |
Memphis Blues batting - Pitching for Montgomery Biscuits : RHP Steven Browne
|
Batting: RHB Chase Mueller
|
0-0: Called Strike 0-1: Ball 1-1: Foul Ball, location: 2F 1-2: Ball 2-2: Ball 3-2: Base on Balls
|
Batting: RHB Glenn Melican
|
0-0: Ball 1-0: Foul Ball, location: 2F 1-1: Fielders Choice at 2nd, 2-6 (Groundball, 2R)
|
Batting: LHB John Foster
|
0-0: Fly out, F3 (Line Drive, 3S) Lined into DP, U3 (Line Drive, 3S)
|
Bottom of the 7th over - 0 run(s), 0 hit(s), 0 error(s), 0 left on base; Montgomery 1 - Memphis 6 |
TOP OF THE 8TH |
Montgomery Biscuits batting - Pitching for Memphis Blues : RHP Rafael Ressureio
|
Batting: LHB Alberto Santos
|
0-0: Fly out, F8 (Flyball, 8RM)
|
Batting: RHB José Montoya
|
0-0: Ball 1-0: Swinging Strike 1-1: Ball 2-1: Foul Ball, location: 2F 2-2: Foul Ball, location: 2F 2-2: Ball 3-2: Foul Ball, location: 2F 3-2: Foul Ball, location: 2F 3-2: Fly out, F5 (Popup, 5D)
|
Batting: LHB Curt Causton
|
0-0: Called Strike 0-1: Ball 1-1: Fly out, F7 (Flyball, 7S)
|
Top of the 8th over - 0 run(s), 0 hit(s), 0 error(s), 0 left on base; Montgomery 1 - Memphis 6 |
BOTTOM OF THE 8TH |
Memphis Blues batting - Pitching for Montgomery Biscuits : RHP Steven Browne
|
Batting: RHB Artie Green
|
0-0: Called Strike 0-1: Foul Ball, location: 2F 0-2: Ball 1-2: Ball 2-2: Foul Ball, location: 2F 2-2: Ball 3-2: Foul Ball, location: 2F 3-2: Foul Ball, location: 2F 3-2: SINGLE (Groundball, 6MD)
|
Batting: RHB José Velázquez
|
0-0: Ball 1-0: Ball 2-0: Fly out, F2 (Popup, 3S)
|
Batting: LHB Raúl García
|
0-0: Ball 1-0: Ball 2-0: Called Strike 2-1: Ground out 5-3 (Groundball, 56S) Artie Green to second
|
Batting: RHB Peyton Pennington
|
0-0: Ball 1-0: Ball 2-0: Foul Ball, location: 2F 2-1: Swinging Strike 2-2: SINGLE (Groundball, 56S) (infield hit) Artie Green to third
|
Batting: RHB David Crespo
|
0-0: Ball 1-0: Ground out 5-3 (Groundball, 56S)
|
Bottom of the 8th over - 0 run(s), 2 hit(s), 0 error(s), 2 left on base; Montgomery 1 - Memphis 6 |
TOP OF THE 9TH |
Montgomery Biscuits batting - Pitching for Memphis Blues : RHP Rafael Ressureio
|
Pitching: LHP Morgan O'Day
|
|
Batting: RHB Carlos Vásquez
|
0-0: Ground out 4-3 (Groundball, 4)
|
Batting: SHB Sean Moody
|
0-0: DOUBLE (Flyball, 89D)
|
Batting: RHB Reinaldo Amarante
|
0-0: Fly out, F9 (Flyball, 89S)
|
Batting: RHB Bob McDonald
|
0-0: Ball 1-0: SINGLE (Groundball, 6MD) Sean Moody to third Runner from 3rd tries for Home, SAFE, no throw
|
Batting: RHB Rusty Downy
|
0-0: Called Strike 0-1: Foul Ball, location: 2F 0-2: Strikes out swinging
|
Top of the 9th over - 1 run(s), 2 hit(s), 0 error(s), 1 left on base; Montgomery 2 - Memphis 6 |
|